Nordiques vs Flyers
(R1)
Created - February 15, 2018 at 19:06
Goals
|
| Nordiques |
0 |
3 |
0 |
0 |
0 |
3 |
| Flyers |
1 |
1 |
1 |
0 |
2 |
4 |
|
Shots
|
| Nordiques |
5 |
16 |
5 |
1 |
2 |
27 |
| Flyers |
12 |
15 |
5 |
1 |
2 |
33 |
|
1st period
1. Flyers , Jeff Carter 34 (Chris Kreider 36, Jakub Voracek 32) at 7:33
Penalties :
Wayne Simmonds (Phi) for Hooking (Minor) at 18:47
2nd period
2. Nordiques , Paul Gaustad 8 (Dustin Byfuglien 13, Matt Moulson 15) at 1:35
3. Flyers , Chris Kreider 27 (Jeff Carter 41, Wayne Simmonds 16) at 9:32
4. Nordiques , Marek Svatos 18 (Daniel Briere 44) at 9:44 (PP)
5. Nordiques , Daniel Briere 26 (Fedor Tyutin 9, Rich Peverley 10) at 18:36
Penalties :
Jonathan Ericsson (Phi) for Tripping (Minor) at 9:41, Paul Gaustad (Que) for Slashing (Minor) at 19:41
3rd period
6. Flyers , Kyle Wellwood 14 (Dany Heatley 16, Jonathan Ericsson 16) at 4:26
Penalties :
No Penalty
Overtime #1
No Goal
Penalties :
No Penalty
Shootout
Penalty Shot by Daniel Briere for Nordiques - Stopped by Steve Mason
Penalty Shot by Chris Kreider for Flyers - Goal!
Penalty Shot by Marek Svatos for Nordiques - Stopped by Steve Mason
Penalty Shot by Kyle Wellwood for Flyers - Goal!
Penalties :
No Penalty
Goalie Stats
Jonathan Quick (Que), 30 saves from 33 shots - (0.909), OTL, 23-13-5, 65:00 minutes
Steve Mason (Phi), 24 saves from 27 shots - (0.889), W, 16-5-2, 65:00 minutes
Players Stats for Nordiques
Player Name G A P +/- PIM S H SB GA TA FO MP PP MP PK MP
------------------------------------------------------------------------------------
Bruno Gervais 0 0 0 0 0 1 0 1 0 0 0/0 15:10 0:00 0:00
Chris Drury 0 0 0 0 0 1 1 0 0 0 7/12 15:07 0:57 0:12
Daniel Briere 1 1 2 0 0 3 2 1 0 0 14/30 21:45 1:05 1:20
Dustin Byfuglien 0 1 1 1 0 2 2 3 0 2 0/0 28:33 1:12 1:17
Fedor Tyutin 0 1 1 1 0 2 1 2 0 0 0/0 28:12 1:12 1:17
Jean-Pierre Dumont 0 0 0 1 0 2 1 1 0 0 0/0 15:46 0:00 0:00
Kyle Calder 0 0 0 0 0 2 2 0 2 0 0/1 15:25 0:57 0:12
Marek Svatos 1 0 1 0 0 7 2 0 1 0 0/1 21:45 1:05 1:20
Mark Eaton 0 0 0 -2 0 0 0 0 0 0 0/0 21:40 0:50 0:42
Matt Gilroy 0 0 0 0 0 0 2 0 0 2 0/0 14:38 0:00 0:00
Matt Moulson 0 1 1 1 0 0 2 0 0 0 0/0 15:38 0:00 0:00
Michael Ryder 0 0 0 -2 0 0 0 2 0 0 0/0 10:18 0:00 0:00
Nikolai Kulemin 0 0 0 -2 0 1 1 0 1 0 0/0 10:18 0:00 0:00
Paul Gaustad 1 0 1 1 2 1 1 0 1 0 1/4 14:51 0:00 0:00
R.J. Umberger 0 0 0 0 0 2 1 1 2 1 0/0 20:26 1:05 0:27
Rich Peverley 0 1 1 -2 0 0 3 0 0 0 0/0 10:18 0:00 0:00
Ryan Ellis 0 0 0 -2 0 1 1 2 1 0 0/0 21:40 0:50 0:42
Vladimir Tarasenko 0 0 0 0 0 2 2 1 2 0 0/0 16:30 0:57 0:27
Players Stats for Flyers
Player Name G A P +/- PIM S H SB GA TA FO MP PP MP PK MP
------------------------------------------------------------------------------------
Alexei Morozov 0 0 0 0 0 0 1 0 0 0 0/0 14:30 0:00 0:00
Chris Kreider 1 1 2 0 0 3 1 1 1 1 0/2 21:04 1:22 0:35
Dany Heatley 0 1 1 1 0 2 1 0 0 0 0/1 16:41 0:37 0:00
Drew Miller 0 0 0 0 0 1 0 0 0 1 0/1 12:38 0:00 0:00
Jakub Voracek 0 1 1 1 0 4 1 0 1 0 0/2 16:08 0:37 0:00
Jeff Carter 1 1 2 0 0 3 0 1 0 0 17/26 20:22 1:22 0:00
Jeff Woywitka 0 0 0 2 0 0 2 1 0 1 0/0 27:28 1:25 0:42
Jonathan Ericsson 0 1 1 1 2 1 2 1 1 1 0/0 25:30 1:25 0:42
Kyle Wellwood 1 0 1 1 0 6 2 1 0 1 3/6 15:51 0:37 0:23
Marcus Kruger 0 0 0 0 0 0 3 1 1 0 2/3 13:05 0:00 0:12
Mats Zuccarello 0 0 0 0 0 1 3 0 1 0 0/0 10:19 0:00 0:00
Matt Smaby 0 0 0 0 0 1 0 1 0 0 0/0 15:59 0:00 0:00
Matthew Lombardi 0 0 0 0 0 1 1 0 0 0 4/7 14:23 0:00 1:27
Nathan Paetsch 0 0 0 0 0 1 0 1 0 1 0/0 16:00 0:00 0:00
Oliver Ekman-Larsson 0 0 0 0 0 3 0 1 0 2 0/0 23:29 0:34 1:20
Rostislav Olesz 0 0 0 0 0 5 0 0 0 1 0/0 14:23 0:00 1:27
Stephane Robidas 0 0 0 -1 0 0 0 0 0 1 0/0 21:33 0:34 1:20
Wayne Simmonds 0 1 1 0 2 1 3 1 0 0 0/0 18:33 1:22 0:00
3 Stars
1 - Chris Kreider (Phi)
2 - Daniel Briere (Que)
3 - Kyle Wellwood (Phi)
Power Play
Nordiques - 1 on 2 Attempt(s) - 50.00%
Flyers - 0 on 1 Attempt(s) - 0.00%
Penalty Kill
Nordiques - 1 on 1 Attempt(s) - 100.00%
- Score 0 goal in Penalty Kill
Flyers - 1 on 2 Attempt(s) - 50.00%
- Score 0 goal in Penalty Kill
Team Stat
Nordiques - Hits : 24 - Faceoff Wins : 22 - Blocked Shots : 14 - Penalty Minutes : 2
Flyers - Hits : 20 - Faceoff Wins : 26 - Blocked Shots : 10 - Penalty Minutes : 4
Official
Referees : Dwyer Gord and Jackson Dave
Linesman : Jay Sharrers and Jean Morin
Game Notes
No Game Note
Finance
Level 1 -- Attendance: 5363 (89.38%) -- Ticket Income $482,670
Level 2 -- Attendance: 4374 (87.48%) -- Ticket Income $240,570
Level 3 -- Attendance: 2000 (100.00%) -- Ticket Income $70,000
Level 4 -- Attendance: 3704 (92.60%) -- Ticket Income $92,600
Luxury Box -- Attendance: 850 (85.00%) -- Ticket Income $140,250
Game was played at the Wells Fargo Center.
Total Attendance: 16291 (90.51%)
Total Ticket Income: $1,026,090
Other Income: $153,914
Total Income: $1,180,004
Nordiques
5 vs 5 Forward
Center Left Wing Right Wing Time % Phy DF OF
1 Daniel Briere R.J. Umberger Marek Svatos 40 1 2 2
2 Chris Drury Kyle Calder Vladimir Tarasenko 30 1 2 2
3 Paul Gaustad Matt Moulson Jean-Pierre Dumont 20 1 2 2
4 Rich Peverley Nikolai Kulemin Michael Ryder 10 1 2 2
5 vs 5 Defense
Defense Defense Time % Phy DF OF
1 Fedor Tyutin Dustin Byfuglien 40 1 2 2
2 Ryan Ellis Mark Eaton 30 1 2 2
3 Bruno Gervais Matt Gilroy 20 1 2 2
4 Fedor Tyutin Dustin Byfuglien 10 1 2 2
PowerPlay Forward
Center Left Wing Right Wing Time % Phy DF OF
1 Daniel Briere R.J. Umberger Marek Svatos 60 1 2 2
2 Chris Drury Kyle Calder Vladimir Tarasenko 40 1 2 2
PowerPlay Defense
Defense Defense Time % Phy DF OF
1 Fedor Tyutin Dustin Byfuglien 60 1 2 2
2 Ryan Ellis Mark Eaton 40 1 2 2
Penalty Kill 4 Players Forward
Center Wing Time % Phy DF OF
1 Daniel Briere Marek Svatos 60 1 2 2
2 Vladimir Tarasenko R.J. Umberger 40 1 2 2
Penalty Kill 4 Players Defense
Defense Defense Time % Phy DF OF
1 Fedor Tyutin Dustin Byfuglien 60 1 2 2
2 Ryan Ellis Mark Eaton 40 1 2 2
Penalty Kill - 3 Players Forward
Forward Time % Phy DF OF
1 Daniel Briere 60 1 2 2
2 Marek Svatos 40 1 2 2
Penalty Kill - 3 Players Defense
Defense Defense Time % Phy DF OF
1 Fedor Tyutin Dustin Byfuglien 60 1 2 2
2 Ryan Ellis Mark Eaton 40 1 2 2
4 vs 4 Forward
Center Wing Time % Phy DF OF
1 Daniel Briere Marek Svatos 60 1 2 2
2 Vladimir Tarasenko R.J. Umberger 40 1 2 2
4 vs 4 Defense
Defense Defense Time % Phy DF OF
1 Fedor Tyutin Dustin Byfuglien 60 1 2 2
2 Ryan Ellis Mark Eaton 40 1 2 2
Last Minutes Offensive
Center Left Wing Right Wing Defense Defense
Daniel Briere R.J. Umberger Marek Svatos Fedor Tyutin Dustin Byfuglien
Last Minutes Defensive
Center Left Wing Right Wing Defense Defense
Daniel Briere R.J. Umberger Marek Svatos Fedor Tyutin Dustin Byfuglien
Goaltenders
Starting : Jonathan Quick
Backup : Julien Ellis
Extra Forwards
Normal : Jean-Pierre Dumont, Matt Moulson, Paul Gaustad - PP : Jean-Pierre Dumont, Matt Moulson - PK : Paul Gaustad
Extra Defensemen
Normal : Bruno Gervais, Matt Gilroy, Ryan Ellis - PP : Bruno Gervais - PK : Matt Gilroy, Ryan Ellis
Penalty Shots
Daniel Briere, Marek Svatos, Vladimir Tarasenko, R.J. Umberger, Chris Drury
Scratches
T.J. Fast (Sprained Right Ankle Injury)
Flyers
5 vs 5 Forward
Center Left Wing Right Wing Time % Phy DF OF
1 Jeff Carter Chris Kreider Wayne Simmonds 40 1 1 3
2 Kyle Wellwood Dany Heatley Jakub Voracek 30 0 1 4
3 Marcus Kruger Drew Miller Mats Zuccarello 20 0 2 3
4 Matthew Lombardi Rostislav Olesz Alexei Morozov 10 0 3 2
5 vs 5 Defense
Defense Defense Time % Phy DF OF
1 Jonathan Ericsson Jeff Woywitka 40 0 2 3
2 Stephane Robidas Oliver Ekman-Larsson 30 0 2 3
3 Nathan Paetsch Matt Smaby 20 0 3 2
4 Oliver Ekman-Larsson Jeff Woywitka 10 0 2 3
PowerPlay Forward
Center Left Wing Right Wing Time % Phy DF OF
1 Jeff Carter Chris Kreider Wayne Simmonds 60 1 0 4
2 Kyle Wellwood Dany Heatley Jakub Voracek 40 0 0 5
PowerPlay Defense
Defense Defense Time % Phy DF OF
1 Jeff Woywitka Jonathan Ericsson 60 0 2 3
2 Stephane Robidas Oliver Ekman-Larsson 40 0 2 3
Penalty Kill 4 Players Forward
Center Wing Time % Phy DF OF
1 Matthew Lombardi Rostislav Olesz 60 0 5 0
2 Kyle Wellwood Wayne Simmonds 40 0 3 2
Penalty Kill 4 Players Defense
Defense Defense Time % Phy DF OF
1 Oliver Ekman-Larsson Stephane Robidas 60 0 5 0
2 Jeff Woywitka Jonathan Ericsson 40 0 5 0
Penalty Kill - 3 Players Forward
Forward Time % Phy DF OF
1 Matthew Lombardi 60 0 5 0
2 Kyle Wellwood 40 0 3 2
Penalty Kill - 3 Players Defense
Defense Defense Time % Phy DF OF
1 Oliver Ekman-Larsson Stephane Robidas 60 0 5 0
2 Jeff Woywitka Jonathan Ericsson 40 0 5 0
4 vs 4 Forward
Center Wing Time % Phy DF OF
1 Jeff Carter Chris Kreider 60 1 1 3
2 Kyle Wellwood Dany Heatley 40 0 1 4
4 vs 4 Defense
Defense Defense Time % Phy DF OF
1 Stephane Robidas Jonathan Ericsson 60 0 3 2
2 Jonathan Ericsson Jeff Woywitka 40 0 3 2
Last Minutes Offensive
Center Left Wing Right Wing Defense Defense
Jeff Carter Dany Heatley Jakub Voracek Jonathan Ericsson Jeff Woywitka
Last Minutes Defensive
Center Left Wing Right Wing Defense Defense
Matthew Lombardi Dany Heatley Wayne Simmonds Jonathan Ericsson Jeff Woywitka
Goaltenders
Starting : Steve Mason
Backup : Cory Schneider
Extra Forwards
Normal : Chris Kreider, Dany Heatley, Jakub Voracek - PP : Chris Kreider, Dany Heatley - PK : Matthew Lombardi
Extra Defensemen
Normal : Oliver Ekman-Larsson, Stephane Robidas, Jeff Woywitka - PP : Jeff Woywitka - PK : Oliver Ekman-Larsson, Jeff Woywitka
Penalty Shots
Chris Kreider, Kyle Wellwood, Dany Heatley, Alexei Morozov, Jakub Voracek
Scratches
None
% Time on Ice - Nordiques
Lines # - Real PCT - Wanted PCT - Time Play
Normal Forward
1 - 32% - 40% - 17:54
2 - 26% - 30% - 14:28
3 - 24% - 20% - 13:19
4 - 18% - 10% - 10:18
Normal Defense
1 - 37% - 40% - 20:53
2 - 33% - 30% - 18:23
3 - 25% - 20% - 13:48
4 - 5% - 10% - 2:55
PP Forward
1 - 53% - 60% - 1:05
2 - 47% - 40% - 0:57
PP Defense
1 - 59% - 60% - 1:12
2 - 41% - 40% - 0:50
PK Forward
1 - 77% - 60% - 1:32
2 - 23% - 40% - 0:27
PK Defense
1 - 65% - 60% - 1:17
2 - 35% - 40% - 0:42
PK3 Forward
1 - 0% - 60%
2 - 0% - 40%
PK3 Defense
1 - 0% - 60%
2 - 0% - 40%
44 Forward
1 - 73% - 60% - 3:39
2 - 27% - 40% - 1:21
44 Defense
1 - 65% - 60% - 3:15
2 - 35% - 40% - 1:45
Last Minute Offensive - 0:00
Last Minute Defensive - 0:00
Total
Forward - 65:00
Defense - 65:00
|
% Time on Ice - Flyers
Lines # - Real PCT - Wanted PCT - Time Play
Normal Forward
1 - 31% - 40% - 17:15
2 - 28% - 30% - 15:29
3 - 18% - 20% - 10:19
4 - 23% - 10% - 12:56
Normal Defense
1 - 38% - 40% - 21:07
2 - 33% - 30% - 18:16
3 - 26% - 20% - 14:33
4 - 4% - 10% - 2:03
PP Forward
1 - 69% - 60% - 1:22
2 - 31% - 40% - 0:37
PP Defense
1 - 71% - 60% - 1:25
2 - 29% - 40% - 0:34
PK Forward
1 - 81% - 60% - 1:39
2 - 19% - 40% - 0:23
PK Defense
1 - 66% - 60% - 1:20
2 - 34% - 40% - 0:42
PK3 Forward
1 - 0% - 60%
2 - 0% - 40%
PK3 Defense
1 - 0% - 60%
2 - 0% - 40%
44 Forward
1 - 93% - 60% - 4:39
2 - 7% - 40% - 0:21
44 Defense
1 - 55% - 60% - 2:46
2 - 45% - 40% - 2:14
Last Minute Offensive - 0:00
Last Minute Defensive - 0:00
Total
Forward - 65:00
Defense - 65:00
|
Play by Play
1st period
0:01 of 1st period - Jeff Carter wins face-off versus Daniel Briere in neutral zone.
0:06 of 1st period - Wrist shot by Jeff Carter.
0:06 of 1st period - Stopped by Jonathan Quick with a rebound.
0:08 of 1st period - Slapshot by Jeff Woywitka.
0:08 of 1st period - Shot Blocked by Fedor Tyutin.
0:10 of 1st period - Slapshot by Wayne Simmonds.
0:10 of 1st period - Stopped by Jonathan Quick with a rebound.
0:12 of 1st period - Wrist shot by Wayne Simmonds.
0:12 of 1st period - Deflect By Jeff Carter.
0:12 of 1st period - Shot Misses the Net.
0:12 of 1st period - Puck is out of play.
0:13 of 1st period - Kyle Wellwood wins face-off versus Kyle Calder in Nordiques zone.
0:40 of 1st period - Jean-Pierre Dumont is hit by Mats Zuccarello and loses puck.
1:10 of 1st period - Slapshot by R.J. Umberger.
1:10 of 1st period - Shot Misses the Net.
3:13 of 1st period - Wrist shot by Kyle Calder.
3:13 of 1st period - Shot Blocked by Kyle Wellwood.
3:25 of 1st period - Snap shot by R.J. Umberger.
3:25 of 1st period - Stopped by Steve Mason with a rebound.
3:27 of 1st period - Wrist shot by Fedor Tyutin.
3:27 of 1st period - Shot Misses the Net.
3:29 of 1st period - Slapshot by Fedor Tyutin.
3:29 of 1st period - Shot Blocked by Marcus Kruger.
6:00 of 1st period - Snap shot by Michael Ryder.
6:00 of 1st period - Shot Misses the Net.
6:10 of 1st period - Slapshot by Ryan Ellis.
6:10 of 1st period - Shot Misses the Net.
6:12 of 1st period - Snap shot by Nikolai Kulemin.
6:12 of 1st period - Stopped by Steve Mason without a rebound.
6:13 of 1st period - Jeff Carter wins face-off versus Chris Drury in Flyers zone.
6:54 of 1st period - Jeff Woywitka is hit by R.J. Umberger and loses puck.
7:05 of 1st period - Mark Eaton is hit by Jeff Woywitka and loses puck.
7:12 of 1st period - Jeff Woywitka is hit by Jean-Pierre Dumont and loses puck.
7:33 of 1st period - Wrist shot by Jeff Carter.
7:33 of 1st period - Goal by Jeff Carter - Nordiques : 0 - Flyers : 1.
7:34 of 1st period - Jeff Carter wins face-off versus Daniel Briere in neutral zone.
7:41 of 1st period - Snap shot by Chris Kreider.
7:41 of 1st period - Shot Misses the Net.
7:59 of 1st period - Chris Drury is hit by Dany Heatley and loses puck.
8:04 of 1st period - Wrist shot by Kyle Wellwood.
8:04 of 1st period - Stopped by Jonathan Quick without a rebound.
8:05 of 1st period - Daniel Briere wins face-off versus Dany Heatley in Nordiques zone.
8:10 of 1st period - Jeff Woywitka is hit by Marek Svatos and loses puck.
8:38 of 1st period - Dany Heatley is hit by Marek Svatos and loses puck.
8:46 of 1st period - Off-side.
8:47 of 1st period - Jeff Carter wins face-off versus Chris Drury in neutral zone.
8:54 of 1st period - Snap shot by Vladimir Tarasenko.
8:54 of 1st period - Shot Blocked by Oliver Ekman-Larsson.
9:14 of 1st period - Paul Gaustad is hit by Mats Zuccarello and loses puck.
9:21 of 1st period - Snap shot by Drew Miller.
9:21 of 1st period - Shot Misses the Net.
9:39 of 1st period - Wrist shot by Fedor Tyutin.
9:39 of 1st period - Stopped by Steve Mason with a rebound.
9:41 of 1st period - Snap shot by Dustin Byfuglien.
9:41 of 1st period - Stopped by Steve Mason without a rebound.
9:42 of 1st period - Daniel Briere wins face-off versus Matthew Lombardi in Flyers zone.
9:43 of 1st period - Wrist shot by Marek Svatos.
9:43 of 1st period - Shot Misses the Net.
10:05 of 1st period - Slapshot by Rostislav Olesz.
10:05 of 1st period - Shot Misses the Net.
10:07 of 1st period - Backhand shot by Oliver Ekman-Larsson.
10:07 of 1st period - Stopped by Jonathan Quick with a rebound.
11:55 of 1st period - Snap shot by Rostislav Olesz.
11:55 of 1st period - Stopped by Jonathan Quick with a rebound.
11:57 of 1st period - Slapshot by Matt Smaby.
11:57 of 1st period - Stopped by Jonathan Quick with a rebound.
11:59 of 1st period - Slapshot by Nathan Paetsch.
11:59 of 1st period - Stopped by Jonathan Quick with a rebound.
12:25 of 1st period - Wrist shot by Matthew Lombardi.
12:25 of 1st period - Stopped by Jonathan Quick with a rebound.
12:27 of 1st period - Snap shot by Nathan Paetsch.
12:27 of 1st period - Deflect By Rostislav Olesz.
12:27 of 1st period - Stopped by Jonathan Quick without a rebound.
12:28 of 1st period - Chris Drury wins face-off versus Jeff Carter in Nordiques zone.
13:17 of 1st period - Oliver Ekman-Larsson is hit by Rich Peverley.
13:25 of 1st period - Nikolai Kulemin is hit by Marcus Kruger and loses puck.
13:42 of 1st period - Off-side.
13:43 of 1st period - Paul Gaustad wins face-off versus Jakub Voracek in neutral zone.
13:46 of 1st period - Jonathan Ericsson is hit by Matt Moulson and loses puck.
14:16 of 1st period - Snap shot by Vladimir Tarasenko.
14:16 of 1st period - Shot Misses the Net.
14:18 of 1st period - Snap shot by Chris Drury.
14:18 of 1st period - Shot Misses the Net.
14:36 of 1st period - Drew Miller is hit by Rich Peverley and loses puck.
15:18 of 1st period - Wrist shot by Dany Heatley.
15:18 of 1st period - Stopped by Jonathan Quick without a rebound.
15:19 of 1st period - Chris Drury wins face-off versus Jeff Carter in Nordiques zone.
15:24 of 1st period - Jeff Carter is hit by Kyle Calder and loses puck.
15:54 of 1st period - Snap shot by Mats Zuccarello.
15:54 of 1st period - Shot Misses the Net.
16:16 of 1st period - Dustin Byfuglien is hit by Jonathan Ericsson and loses puck.
17:13 of 1st period - Chris Kreider is hit by Matt Gilroy and loses puck.
17:42 of 1st period - Snap shot by Kyle Calder.
17:42 of 1st period - Stopped by Steve Mason without a rebound.
17:43 of 1st period - Marcus Kruger wins face-off versus Chris Drury in Flyers zone.
17:58 of 1st period - Wrist shot by Marcus Kruger.
17:58 of 1st period - Shot Misses the Net.
18:19 of 1st period - Wrist shot by Jeff Carter.
18:19 of 1st period - Shot Misses the Net.
18:38 of 1st period - Snap shot by Dany Heatley.
18:38 of 1st period - Stopped by Jonathan Quick without a rebound.
18:39 of 1st period - Chris Drury wins face-off versus Chris Kreider in Nordiques zone.
18:47 of 1st period - Minor Penalty to Wayne Simmonds for Hooking.
18:48 of 1st period - Matthew Lombardi wins face-off versus Daniel Briere in Flyers zone.
18:54 of 1st period - Wrist shot by Oliver Ekman-Larsson.
18:54 of 1st period - Shot Misses the Net.
19:52 of 1st period - Chris Drury is hit by Matthew Lombardi and loses puck.
Goals for this period are 0 for Nordiques vs 1 for Flyers.
Shots for this period are 5 for Nordiques vs 12 for Flyers.
2nd period
0:01 of 2nd period - Matthew Lombardi wins face-off versus Daniel Briere in neutral zone.
0:47 of 2nd period - Penalty to Wayne Simmonds is over, Wayne Simmonds is back on ice.
0:55 of 2nd period - Wrist shot by Kyle Wellwood.
0:55 of 2nd period - Stopped by Jonathan Quick without a rebound.
0:56 of 2nd period - Jeff Carter wins face-off versus Paul Gaustad in Nordiques zone.
1:29 of 2nd period - Snap shot by Matt Moulson.
1:29 of 2nd period - Shot Misses the Net.
1:31 of 2nd period - Wrist shot by Matt Moulson.
1:31 of 2nd period - Shot Blocked by Jeff Carter.
1:33 of 2nd period - Snap shot by Dustin Byfuglien.
1:33 of 2nd period - Shot Misses the Net.
1:35 of 2nd period - Snap shot by Paul Gaustad.
1:35 of 2nd period - Goal by Paul Gaustad - Nordiques : 1 - Flyers : 1.
1:36 of 2nd period - Daniel Briere wins face-off versus Kyle Wellwood in neutral zone.
2:51 of 2nd period - Mark Eaton is hit by Alexei Morozov and loses puck.
2:58 of 2nd period - Rostislav Olesz is hit by Fedor Tyutin and loses puck.
3:09 of 2nd period - Wrist shot by Kyle Wellwood.
3:09 of 2nd period - Shot Misses the Net.
3:45 of 2nd period - Vladimir Tarasenko is hit by Wayne Simmonds and loses puck.
4:19 of 2nd period - Slapshot by Marek Svatos.
4:19 of 2nd period - Stopped by Steve Mason with a rebound.
4:21 of 2nd period - Slapshot by Bruno Gervais.
4:21 of 2nd period - Stopped by Steve Mason without a rebound.
4:22 of 2nd period - Matthew Lombardi wins face-off versus Daniel Briere in Flyers zone.
4:35 of 2nd period - Snap shot by Rostislav Olesz.
4:35 of 2nd period - Shot Blocked by Dustin Byfuglien.
4:47 of 2nd period - Wrist shot by Jean-Pierre Dumont.
4:47 of 2nd period - Stopped by Steve Mason with a rebound.
4:53 of 2nd period - Snap shot by Rostislav Olesz.
4:53 of 2nd period - Stopped by Jonathan Quick without a rebound.
4:54 of 2nd period - Jeff Carter wins face-off versus Paul Gaustad in Nordiques zone.
5:23 of 2nd period - Paul Gaustad is hit by Chris Kreider and loses puck.
5:30 of 2nd period - Wrist shot by Chris Kreider.
5:30 of 2nd period - Stopped by Jonathan Quick with a rebound.
5:34 of 2nd period - Wrist shot by Wayne Simmonds.
5:34 of 2nd period - Deflect By Jeff Carter.
5:34 of 2nd period - Shot Blocked by Ryan Ellis.
5:34 of 2nd period - Puck is out of play.
5:35 of 2nd period - Kyle Wellwood wins face-off versus Marek Svatos in Nordiques zone.
5:38 of 2nd period - Snap shot by Kyle Wellwood.
5:38 of 2nd period - Stopped by Jonathan Quick with a rebound.
5:40 of 2nd period - Slapshot by Kyle Wellwood.
5:40 of 2nd period - Shot Blocked by Fedor Tyutin.
5:46 of 2nd period - Wrist shot by Jakub Voracek.
5:46 of 2nd period - Shot Blocked by Dustin Byfuglien.
5:48 of 2nd period - Snap shot by Kyle Wellwood.
5:48 of 2nd period - Shot Blocked by Dustin Byfuglien.
6:18 of 2nd period - Snap shot by Marek Svatos.
6:18 of 2nd period - Stopped by Steve Mason without a rebound.
6:19 of 2nd period - Chris Drury wins face-off versus Jeff Carter in Flyers zone.
6:54 of 2nd period - Wrist shot by Jakub Voracek.
6:54 of 2nd period - Stopped by Jonathan Quick without a rebound.
6:55 of 2nd period - Chris Drury wins face-off versus Jakub Voracek in Nordiques zone.
7:36 of 2nd period - Snap shot by Daniel Briere.
7:36 of 2nd period - Stopped by Steve Mason without a rebound.
7:37 of 2nd period - Marcus Kruger wins face-off versus Daniel Briere in Flyers zone.
7:48 of 2nd period - Snap shot by Daniel Briere.
7:48 of 2nd period - Stopped by Steve Mason without a rebound.
7:49 of 2nd period - Daniel Briere wins face-off versus Jeff Carter in Flyers zone.
8:04 of 2nd period - Snap shot by Daniel Briere.
8:04 of 2nd period - Shot Misses the Net.
8:11 of 2nd period - Icing by Oliver Ekman-Larsson.
8:12 of 2nd period - Kyle Wellwood wins face-off versus Chris Drury in Flyers zone.
8:23 of 2nd period - Wrist shot by Jakub Voracek.
8:23 of 2nd period - Stopped by Jonathan Quick without a rebound.
8:24 of 2nd period - Daniel Briere wins face-off versus Jeff Carter in Nordiques zone.
8:29 of 2nd period - Slapshot by Fedor Tyutin.
8:29 of 2nd period - Deflect By R.J. Umberger.
8:29 of 2nd period - Stopped by Steve Mason with a rebound.
8:56 of 2nd period - Dany Heatley is hit by Dustin Byfuglien and loses puck.
9:13 of 2nd period - Vladimir Tarasenko is hit by Mats Zuccarello and loses puck.
9:20 of 2nd period - Snap shot by Mats Zuccarello.
9:20 of 2nd period - Stopped by Jonathan Quick without a rebound.
9:21 of 2nd period - Jeff Carter wins face-off versus Daniel Briere in Nordiques zone.
9:22 of 2nd period - Snap shot by Chris Kreider.
9:22 of 2nd period - Shot Blocked by R.J. Umberger.
9:24 of 2nd period - Snap shot by Wayne Simmonds.
9:24 of 2nd period - Deflect By Chris Kreider.
9:24 of 2nd period - Deflect By Marek Svatos.
9:24 of 2nd period - Shot Blocked by Daniel Briere.
9:24 of 2nd period - Puck is out of play.
9:25 of 2nd period - Jeff Carter wins face-off versus Daniel Briere in Nordiques zone.
9:32 of 2nd period - Wrist shot by Jeff Carter.
9:32 of 2nd period - Deflect By Chris Kreider.
9:32 of 2nd period - Goal by Chris Kreider - Nordiques : 1 - Flyers : 2.
9:33 of 2nd period - Daniel Briere wins face-off versus Jeff Carter in neutral zone.
9:38 of 2nd period - Snap shot by Marek Svatos.
9:38 of 2nd period - Stopped by Steve Mason without a rebound.
9:39 of 2nd period - Jeff Carter wins face-off versus Daniel Briere in Flyers zone.
9:41 of 2nd period - Minor Penalty to Jonathan Ericsson for Tripping.
9:42 of 2nd period - Daniel Briere wins face-off versus Matthew Lombardi in Flyers zone.
9:44 of 2nd period - Snap shot by Marek Svatos.
9:44 of 2nd period - Goal by Marek Svatos - Nordiques : 2 - Flyers : 2.
9:45 of 2nd period - Jeff Carter wins face-off versus Daniel Briere in neutral zone.
9:56 of 2nd period - Snap shot by Chris Kreider.
9:56 of 2nd period - Stopped by Jonathan Quick with a rebound.
9:58 of 2nd period - Snap shot by Chris Kreider.
9:58 of 2nd period - Shot Misses the Net.
10:00 of 2nd period - Slapshot by Jonathan Ericsson.
10:00 of 2nd period - Stopped by Jonathan Quick with a rebound.
10:17 of 2nd period - Snap shot by Jakub Voracek.
10:17 of 2nd period - Stopped by Jonathan Quick with a rebound.
10:19 of 2nd period - Slapshot by Stephane Robidas.
10:19 of 2nd period - Shot Misses the Net.
10:21 of 2nd period - Wrist shot by Dany Heatley.
10:21 of 2nd period - Shot Blocked by Vladimir Tarasenko.
10:59 of 2nd period - Snap shot by Alexei Morozov.
10:59 of 2nd period - Deflect By Rostislav Olesz.
10:59 of 2nd period - Stopped by Jonathan Quick with a rebound.
11:01 of 2nd period - Snap shot by Rostislav Olesz.
11:01 of 2nd period - Stopped by Jonathan Quick without a rebound.
11:02 of 2nd period - Jeff Carter wins face-off versus Daniel Briere in Nordiques zone.
12:05 of 2nd period - Bruno Gervais is hit by Kyle Wellwood and loses puck.
12:25 of 2nd period - Wrist shot by Jean-Pierre Dumont.
12:25 of 2nd period - Stopped by Steve Mason with a rebound.
12:56 of 2nd period - Snap shot by Drew Miller.
12:56 of 2nd period - Stopped by Jonathan Quick with a rebound.
13:36 of 2nd period - Snap shot by Kyle Wellwood.
13:36 of 2nd period - Stopped by Jonathan Quick without a rebound.
13:37 of 2nd period - Jeff Carter wins face-off versus Daniel Briere in Nordiques zone.
14:02 of 2nd period - Dustin Byfuglien is hit by Kyle Wellwood and loses puck.
14:29 of 2nd period - Matt Moulson is hit by Marcus Kruger and loses puck.
14:54 of 2nd period - Rostislav Olesz is hit by Daniel Briere and loses puck.
15:05 of 2nd period - Nathan Paetsch is hit by Ryan Ellis and loses puck.
15:10 of 2nd period - Wrist shot by Michael Ryder.
15:10 of 2nd period - Shot Misses the Net.
15:13 of 2nd period - Icing by Nathan Paetsch.
15:14 of 2nd period - Daniel Briere wins face-off versus Matthew Lombardi in Flyers zone.
15:15 of 2nd period - Snap shot by Marek Svatos.
15:15 of 2nd period - Shot Hit the Post.
15:19 of 2nd period - Snap shot by Marek Svatos.
15:19 of 2nd period - Shot Blocked by Matt Smaby.
15:21 of 2nd period - Snap shot by Dustin Byfuglien.
15:21 of 2nd period - Stopped by Steve Mason without a rebound.
15:22 of 2nd period - Daniel Briere wins face-off versus Chris Kreider in Flyers zone.
15:23 of 2nd period - Snap shot by Marek Svatos.
15:23 of 2nd period - Stopped by Steve Mason with a rebound.
15:25 of 2nd period - Slapshot by Fedor Tyutin.
15:25 of 2nd period - Shot Misses the Net.
15:27 of 2nd period - Snap shot by Fedor Tyutin.
15:27 of 2nd period - Stopped by Steve Mason with a rebound.
16:15 of 2nd period - Matt Smaby is hit by Paul Gaustad and loses puck.
17:06 of 2nd period - Ryan Ellis is hit by Jonathan Ericsson and loses puck.
17:46 of 2nd period - Slapshot by Chris Drury.
17:46 of 2nd period - Stopped by Steve Mason with a rebound.
18:36 of 2nd period - Snap shot by Daniel Briere.
18:36 of 2nd period - Goal by Daniel Briere - Nordiques : 3 - Flyers : 2.
18:37 of 2nd period - Jeff Carter wins face-off versus Daniel Briere in neutral zone.
19:04 of 2nd period - Jeff Woywitka is hit by Chris Drury and loses puck.
19:41 of 2nd period - Minor Penalty to Paul Gaustad for Slashing.
19:42 of 2nd period - Daniel Briere wins face-off versus Jeff Carter in Nordiques zone.
Goals for this period are 3 for Nordiques vs 1 for Flyers.
Shots for this period are 16 for Nordiques vs 15 for Flyers.
3rd period
0:01 of 3rd period - Daniel Briere wins face-off versus Jeff Carter in neutral zone.
0:04 of 3rd period - Slapshot by Marek Svatos.
0:04 of 3rd period - Stopped by Steve Mason with a rebound.
0:16 of 3rd period - Snap shot by Marek Svatos.
0:16 of 3rd period - Deflect By Daniel Briere.
0:16 of 3rd period - Deflect By Jeff Carter.
0:16 of 3rd period - Shot Misses the Net.
0:16 of 3rd period - Puck is out of play.
0:17 of 3rd period - Jeff Carter wins face-off versus Daniel Briere in Flyers zone.
0:17 of 3rd period - Jeff Carter is hit by Daniel Briere.
1:41 of 3rd period - Penalty to Paul Gaustad is over, Paul Gaustad is back on ice.
2:09 of 3rd period - Wrist shot by Vladimir Tarasenko.
2:09 of 3rd period - Stopped by Steve Mason without a rebound.
2:10 of 3rd period - Matthew Lombardi wins face-off versus Chris Drury in Flyers zone.
2:19 of 3rd period - Wrist shot by Alexei Morozov.
2:19 of 3rd period - Shot Misses the Net.
3:27 of 3rd period - Wrist shot by Mats Zuccarello.
3:27 of 3rd period - Shot Blocked by Jean-Pierre Dumont.
3:29 of 3rd period - Slapshot by Matt Smaby.
3:29 of 3rd period - Shot Blocked by Bruno Gervais.
4:26 of 3rd period - Slapshot by Dany Heatley.
4:26 of 3rd period - Deflect By Kyle Wellwood.
4:26 of 3rd period - Goal by Kyle Wellwood - Nordiques : 3 - Flyers : 3.
4:27 of 3rd period - Jeff Carter wins face-off versus Daniel Briere in neutral zone.
5:12 of 3rd period - Slapshot by Oliver Ekman-Larsson.
5:12 of 3rd period - Deflect By Ryan Ellis.
5:12 of 3rd period - Stopped by Jonathan Quick with a rebound.
5:14 of 3rd period - Slapshot by Oliver Ekman-Larsson.
5:14 of 3rd period - Stopped by Jonathan Quick with a rebound.
5:46 of 3rd period - Jonathan Ericsson is hit by Rich Peverley.
5:50 of 3rd period - Ryan Ellis is hit by Jeff Woywitka and loses puck.
5:59 of 3rd period - Matthew Lombardi is hit by Nikolai Kulemin and loses puck.
6:23 of 3rd period - Wrist shot by Matthew Lombardi.
6:23 of 3rd period - Shot Misses the Net.
6:29 of 3rd period - Snap shot by Alexei Morozov.
6:29 of 3rd period - Shot Blocked by Ryan Ellis.
6:39 of 3rd period - Slapshot by Ryan Ellis.
6:39 of 3rd period - Shot Blocked by Jeff Woywitka.
6:51 of 3rd period - Slapshot by Ryan Ellis.
6:51 of 3rd period - Shot Misses the Net.
7:13 of 3rd period - Slapshot by Rostislav Olesz.
7:13 of 3rd period - Shot Misses the Net.
8:39 of 3rd period - Slapshot by Alexei Morozov.
8:39 of 3rd period - Shot Blocked by Michael Ryder.
8:59 of 3rd period - Snap shot by Matthew Lombardi.
8:59 of 3rd period - Shot Blocked by Michael Ryder.
9:05 of 3rd period - Slapshot by Ryan Ellis.
9:05 of 3rd period - Stopped by Steve Mason without a rebound.
9:06 of 3rd period - Daniel Briere wins face-off versus Jeff Carter in Flyers zone.
9:15 of 3rd period - Wrist shot by Daniel Briere.
9:15 of 3rd period - Shot Misses the Net.
9:17 of 3rd period - Wrist shot by R.J. Umberger.
9:17 of 3rd period - Shot Misses the Net.
9:19 of 3rd period - Slapshot by Fedor Tyutin.
9:19 of 3rd period - Shot Blocked by Chris Kreider.
9:21 of 3rd period - Slapshot by Fedor Tyutin.
9:21 of 3rd period - Shot Blocked by Wayne Simmonds.
10:35 of 3rd period - Wrist shot by Jakub Voracek.
10:35 of 3rd period - Stopped by Jonathan Quick with a rebound.
10:49 of 3rd period - Snap shot by Jean-Pierre Dumont.
10:49 of 3rd period - Deflect By Matt Moulson.
10:49 of 3rd period - Shot Misses the Net.
10:49 of 3rd period - Puck is out of play.
10:50 of 3rd period - Jeff Carter wins face-off versus Paul Gaustad in Flyers zone.
11:56 of 3rd period - Paul Gaustad is hit by Wayne Simmonds and loses puck.
12:09 of 3rd period - Slapshot by Jeff Carter.
12:09 of 3rd period - Shot Misses the Net.
12:11 of 3rd period - Slapshot by Jeff Carter.
12:11 of 3rd period - Shot Misses the Net.
12:56 of 3rd period - Snap shot by Jeff Carter.
12:56 of 3rd period - Stopped by Jonathan Quick without a rebound.
12:57 of 3rd period - Daniel Briere wins face-off versus Kyle Wellwood in Nordiques zone.
13:03 of 3rd period - Off-side.
13:04 of 3rd period - Daniel Briere wins face-off versus Kyle Wellwood in neutral zone.
13:11 of 3rd period - Snap shot by R.J. Umberger.
13:11 of 3rd period - Shot Blocked by Nathan Paetsch.
13:19 of 3rd period - Snap shot by Marek Svatos.
13:19 of 3rd period - Stopped by Steve Mason with a rebound.
13:33 of 3rd period - Snap shot by Kyle Calder.
13:33 of 3rd period - Stopped by Steve Mason without a rebound.
13:34 of 3rd period - Chris Drury wins face-off versus Drew Miller in Flyers zone.
14:48 of 3rd period - Matt Smaby is hit by Matt Gilroy and loses puck.
15:22 of 3rd period - Vladimir Tarasenko is hit by Jakub Voracek and loses puck.
16:40 of 3rd period - Icing by Dustin Byfuglien.
16:41 of 3rd period - Chris Drury wins face-off versus Marcus Kruger in Nordiques zone.
17:14 of 3rd period - Ryan Ellis is hit by Wayne Simmonds and loses puck.
18:49 of 3rd period - Nathan Paetsch is hit by Matt Moulson and loses puck.
Goals for this period are 0 for Nordiques vs 1 for Flyers.
Shots for this period are 5 for Nordiques vs 5 for Flyers.
Overtime #1
0:01 of 1st overtime period - Jeff Carter wins face-off versus Daniel Briere in neutral zone.
0:53 of 1st overtime period - Snap shot by Kyle Wellwood.
0:53 of 1st overtime period - Stopped by Jonathan Quick with a rebound.
1:59 of 1st overtime period - Mark Eaton is hit by Marcus Kruger and loses puck.
2:18 of 1st overtime period - Jeff Carter is hit by Dustin Byfuglien and loses puck.
2:41 of 1st overtime period - Jonathan Ericsson is hit by Vladimir Tarasenko.
3:01 of 1st overtime period - Wrist shot by Jean-Pierre Dumont.
3:01 of 1st overtime period - Shot Misses the Net.
3:27 of 1st overtime period - Snap shot by Vladimir Tarasenko.
3:27 of 1st overtime period - Shot Blocked by Jonathan Ericsson.
3:59 of 1st overtime period - Jeff Carter is hit by Kyle Calder and loses puck.
4:28 of 1st overtime period - Jakub Voracek is hit by Vladimir Tarasenko and loses puck.
4:33 of 1st overtime period - Snap shot by Vladimir Tarasenko.
4:33 of 1st overtime period - Stopped by Steve Mason with a rebound.
4:35 of 1st overtime period - Wrist shot by Vladimir Tarasenko.
4:35 of 1st overtime period - Shot Hit the Post.
Goals for this period are 0 for Nordiques vs 0 for Flyers.
Shots for this period are 1 for Nordiques vs 1 for Flyers.
ShootOut
5:00 of 1st overtime period - Penalty Shot by Daniel Briere for Nordiques.
5:00 of 1st overtime period - Deke by Daniel Briere.
5:00 of 1st overtime period - Stopped by Steve Mason.
5:00 of 1st overtime period - Penalty Shot by Chris Kreider for Flyers.
5:00 of 1st overtime period - Deke by Chris Kreider.
5:00 of 1st overtime period - Goal by Chris Kreider.
5:00 of 1st overtime period - Penalty Shot by Marek Svatos for Nordiques.
5:00 of 1st overtime period - Wrist shot by Marek Svatos.
5:00 of 1st overtime period - Stopped by Steve Mason.
5:00 of 1st overtime period - Penalty Shot by Kyle Wellwood for Flyers.
5:00 of 1st overtime period - Deke by Kyle Wellwood.
5:00 of 1st overtime period - Goal by Kyle Wellwood.
Back to the Top